 Dungeon Crawl Stone Soup version 0.29.1-2-gbd0b4ee654 (webtiles) character file.

Game seed: 12799167303784920256

179 Rainbeon the Shield-Bearer (level 5, -2/53 HPs)
             Began as a Troll Fighter on Oct 31, 2022.
             Was an Initiate of Trog.
             Slain by a killer bee (5 damage)
             ... on level 4 of the Dungeon.
             The game lasted 00:20:49 (3097 turns).

Rainbeon the Shield-Bearer (Troll Fighter)          Turns: 3097, Time: 00:20:50

Health: -2/53      AC:  6    Str: 26    XL:     5   Next: 32%
Magic:  4/4        EV:  8    Int:  4    God:    Trog [......]
Gold:   61         SH:  7    Dex:  9    Spells: 3/4 levels left

rFire   . . .      SeeInvis .   s - +3 short sword
rCold   . . .      Faith    .   c - +0 kite shield
rNeg    . . .      Spirit   .   r - +2 robe {Will+}
rPois   .          Reflect  .   (helmet restricted)
rElec   .          Harm     .   (no cloak)
rCorr   .          Rampage  .   (gloves unavailable)
Will    +....                   (boots unavailable)
Stlth   +.........              (no amulet)
HPRegen 0.97/turn               (no ring)
MPRegen 0.09/turn               (no ring)

@: lethally poisoned (-2 -> -8)
A: large, unfitting armour, claws 3, regeneration 1, shaggy fur 1, tough skin 1
a: Renounce Religion


You were on level 4 of the Dungeon.
You worshipped Trog.
Trog was noncommittal.
You visited 2 branches of the dungeon, and saw 5 of its levels.

You collected 61 gold pieces.

Inventory:

Hand Weapons
 a - a +0 war axe
 i - a +0 club
 j - a +0 short sword
 s - a +3 short sword (weapon)
Missiles
 l - 6 stones (quivered)
 o - 12 poisoned darts
 p - 3 atropa-tipped darts
Armour
 b - a +0 robe
 c - a +0 kite shield (worn)
 h - a +0 robe
 r - a +2 robe of willpower (worn)
Wands
 q - a wand of roots (6)
Scrolls
 f - a scroll of torment {unknown}
 k - a scroll of teleportation {unknown}
Potions
 d - a potion of might
 e - a potion of degeneration {unknown}
 g - a potion of attraction {unknown}
 m - a potion of curing
 n - a potion of magic {unknown}
 t - a potion of mutation {unknown}
 u - a potion of heal wounds {unknown}


   Skills:
 + Level 3.1 Fighting
 + Level 3.2 Axes
 + Level 2.9 Dodging
 + Level 0.1 Stealth
 + Level 3.3 Shields


You had 3 spell levels left.
You knew the following spells:

 Your Spells              Type           Power      Damage    Failure   Level
a - Magic Dart            Conj           0%         1d3       80%         1

Your spell library contained the following spells:

 Spells                   Type           Power      Damage    Failure   Level
 Call Imp                 Summ           0%         N/A       90%         2
 Mephitic Cloud           Conj/Pois/Air  0%         N/A       99%         3


Dungeon Overview and Level Annotations

Branches:
Dungeon (4/15)             Temple (1/1) D:4

Altars:
Ashenzari
Cheibriados
Dithmenos
Elyvilon
Fedhas
Gozag
Hepliaklqana
Makhleb
Nemelex Xobeh
Okawaru
Qazlal
Ru
Sif Muna
Trog
Uskayaw
Wu Jian
Yredelemnul
The Shining One


Innate Abilities, Weirdness & Mutations

You are too large for most types of armour.
You have claws for hands.
Your natural rate of healing is unusually fast.
You are covered in fur. (AC +1)
You have tough skin. (AC +1)


Message History

The killer bee closely misses you.
You hit the killer bee.
The killer bee is heavily wounded.
You feel sick.
The killer bee stings you but does no damage. x2
You hit the killer bee.
The killer bee is severely wounded.
You feel sick. The killer bee closely misses you.
The killer bee barely misses you. The killer bee stings you.
You miss the killer bee.
The killer bee is severely wounded.
You feel sick. The killer bee barely misses you.
You block the killer bee's attack.
You feel sick. You block the killer bee's attack.
You feel sick. The killer bee closely misses you.
The killer bee stings you but does no damage.
You feel sick. The killer bee stings you.
* * * LOW HITPOINT WARNING * * *
You are more poisoned.
The killer bee poisons you!
You feel very sick. You block the killer bee's attack.
You hit the killer bee but do no damage.
The killer bee is severely wounded.
You feel sick. You block the killer bee's attack.
The killer bee closely misses you. The killer bee stings you.
* * * LOW HITPOINT WARNING * * *
You are lethally poisoned!
The killer bee poisons you!
You aren't carrying any pieces of jewellery.
You are too injured to fight recklessly!
Throw: 7 stones
Press: ? - help, Q - select action, (/) - cycle Shift-Dir - straight line, f - killer bee
Aim: a killer bee (severely wounded, 19% to hit)
You throw a stone. The stone barely misses the killer bee.
The stone barely misses the adder.
* * * LOW HITPOINT WARNING * * *
You feel very sick. The killer bee closely misses you.
The killer bee stings you.
You die...

#.###.###.#######..#.≈
#..................#.≈
##.####.....####...# . #
#/.##...##..#.#.# .
####.#...##.##...#..#...
.....##...#.#...##.#÷...
#...##.'#.#).##..##...
#....###...###...##.##
#....@yS.8..........#
#....###...###...#..##
......# +#.#+ ##..##.##
.....# #.# ##..#.##
..... #.# #...).# ###.
... #...÷.# # ...
#...).. ...........###.
..$....# #.


You could see a killer bee and an adder.

Vanquished Creatures
  A scorpion (D:3)
  Jessica (D:3)
  An iguana (D:4)
  2 adders (D:4)
  2 worms (D:2)
  A dart slug (D:2)
  2 ball pythons
  7 endoplasms
  3 giant cockroaches (D:3)
  4 goblins
  4 hobgoblins
  9 kobolds
  3 quokkas
  A rat (D:2)
41 creatures vanquished.

Vanquished Creatures (others)
  10 plants (D:1)
10 creatures vanquished.

Grand Total: 51 creatures vanquished

Notes
Turn   | Place    | Note
-------+----------+-------------------------------------------
     0 | D:1      | Rainbeon the Troll Fighter began the quest for the Orb.
     0 | D:1      | Reached XP level 1. HP: 22/22 MP: 0/0
   239 | D:1      | You fall into a shaft and drop 1 floor!
   281 | D:2      | Reached XP level 2. HP: 29/29 MP: 1/1
   938 | D:3      | Noticed Jessica
   946 | D:3      | Reached XP level 3. HP: 29/36 MP: 2/2
   954 | D:3      | Killed Jessica
   956 | D:3      | Noticed a scorpion
   967 | D:3      | Killed a scorpion
   968 | D:3      | Reached XP level 4. HP: 40/45 MP: 3/3
  1058 | D:3      | Learned a level 1 spell: Magic Dart
  1205 | D:4      | Reached XP level 5. HP: 41/53 MP: 4/4
  1294 | D:4      | Found a staircase to the Ecumenical Temple.
  1325 | Temple   | Entered the Ecumenical Temple
  1624 | Temple   | Became a worshipper of Trog the Wrathful
  3097 | D:4      | Slain by a killer bee

Illustrated notes

Levels and vault maps discovered:
D:1:      tarquinn_simple_flora_water_a, layout_basic,
          shapermc_ecumenical_altar_mp_highgroup, serial_shops,
          nicolae_shop_advertising_works [nicolae_subvault_shop_adworks]
D:2:      layout_loops_corners
D:3:      layout_rooms, uniq_jessica
D:4:      cheibrodos_barr_body, layout_loops_cross, led_xom_imps, zin_purify,
          temple_pool_b, serial_shops, nicolae_square_shop,
          chequers_serial_rivers_marsh
Temple:   compressed_dpeg_triangle_lava_temple

Skill      XL: |  1  2  3  4 |
---------------+-------------+-----
Shields        | 3 |  3.3
Axes           | 2 3 |  3.2
Fighting       | 3 |  3.1
Dodging        | |  2.9
Stealth        | |  0.1

Action                   |  1- 3 |  4- 6 || total
-------------------------+-------+-------++-------
Melee: War axe           |    66 |    40 ||   106
       Short sword       |       |    30 ||    30
Throw: Stone             |     1 |     1 ||     2
  Use: Scroll            |     1 |       ||     1
       Potion            |       |     1 ||     1
Armor: Robe              |    17 |    43 ||    60
       Skin              |       |     2 ||     2
Dodge: Dodged            |    28 |    41 ||    69
Block: Kite shield       |    29 |    43 ||    72
